 Dungeon Sprint DCSS version 0.30-a0-1112-gfb780f5df6 (webtiles) character file.

Game seed: 7478099967885575962

1412 123456 the Fighter (level 8, -5/86 HPs)
             Began as a Minotaur Fighter on Apr 19, 2023.
             Was an Initiate of Gozag.
             Slain by a five-headed hydra (6 damage)
             ... in the Dungeon (Sprint IX: "|||||||||||||||||||||||||||||").
             The game lasted 00:01:08 (409 turns).

123456 the Fighter (Minotaur Fighter)                Turns: 409, Time: 00:01:08

Health: -5/86      AC: 12    Str: 22    XL:     8   Next: 43%
Magic:  7/7        EV: 14    Int:  5    God:    Gozag
Gold:   414        SH:  5    Dex: 14    Spells: 7/7 levels left

rFire   . . .      SeeInvis .    n - +2 morningstar (flame)
rCold   . . .      Faith    .    c - +0 buckler
rNeg    . . .      Spirit   .    o - +2 ring mail
rPois   .          Reflect  .    (helmet restricted)
rElec   .          Rampage  .    a - +0 cloak
rCorr   .          NoTele   +    (no gloves)
Will    .....                    (no boots)
Stlth   +                        (no amulet)
HPRegen 0.34/turn                q - +3 ring of dexterity
MPRegen 0.10/turn                p - +2 ring of protection

@: no status effects
A: horns 2, retaliatory headbutt
a: Renounce Religion, Potion Petition, Call Merchant, Bribe Branch


You were in the Dungeon.
You worshipped Gozag.
Gozag was aware of your devotion.
You visited 1 branch You collected 414 gold pieces.

Inventory:

Hand Weapons
 n - a +2 morningstar of flaming (weapon)
Armour
 a - a +0 cloak (worn)
 c - a +0 buckler (worn)
 o - a +2 ring mail (worn)
Jewellery
 p - a +2 ring of protection (right hand)
 q - a +3 ring of dexterity (left hand)
Wands
 m - a wand of light (10)
Scrolls
 j - 2 scrolls of blinking
 l - 2 scrolls of amnesia
Potions
 d - a potion of might
 e - 5 potions of curing
 f - a potion of heal wounds
 g - a potion of haste
 h - 4 potions of magic
 i - a potion of berserk rage
 k - a potion of invisibility


   Skills:
 * Level 13.3 Fighting
 * Level 13.3 Maces & Flails
 + Level 10.0 Armour
 + Level 8.2 Dodging
 - Level 3.6 Shields


You had 7 spell levels left.
You didn't know any spells.
Your spell library was empty.

Dungeon Overview and Level Annotations

Branches:
Dungeon (1/1)

Altars:
Cheibriados
Dithmenos
Elyvilon
Fedhas
Gozag
Hepliaklqana
Kikubaaqudgha
Makhleb
Nemelex Xobeh
Okawaru
Qazlal
Ru
Sif Muna
Trog
Uskayaw
Vehumet
Wu Jian
Xom
Yredelemnul
Zin
The Shining One
Jiyva
Lugonu


Innate Abilities, Weirdness & Mutations

You have a pair of horns on your head.
You reflexively headbutt those who attack you in melee.


Message History

The centaur warrior closely misses you. You furiously retaliate!
You headbutt the centaur warrior!
You kill the centaur warrior!
Your Fighting skill increases to level 13!
Your Maces & Flails skill gained 2 levels and is now at level 13!
Your Armour skill increases to level 10!
Your Dodging skill increases to level 8!
You have reached level 8!
You feel stronger.
You bludgeon the five-headed hydra!! You burn the five-headed hydra!
The five-headed hydra is heavily wounded.
The five-headed hydra bites you! The five-headed hydra bites you.
The five-headed hydra bites you! x2
* * * LOW HITPOINT WARNING * * *
The five-headed hydra misses you.
You puncture the five-headed hydra! You burn the five-headed hydra.
The five-headed hydra is severely wounded.
You block the five-headed hydra's attack.
The five-headed hydra bites you but does no damage.
The five-headed hydra bites you.
* * * LOW HITPOINT WARNING * * *
The five-headed hydra misses you. The five-headed hydra bites you.
* * * LOW HITPOINT WARNING * * *
You feel much better.
The five-headed hydra bites you but does no damage.
The five-headed hydra completely misses you.
The five-headed hydra bites you! x2
* * * LOW HITPOINT WARNING * * *
The five-headed hydra bites you.
* * * LOW HITPOINT WARNING * * *
You puncture the five-headed hydra! You burn the five-headed hydra.
The five-headed hydra is almost dead.
The five-headed hydra bites you.
* * * LOW HITPOINT WARNING * * *
The five-headed hydra completely misses you.
The five-headed hydra bites you!
* * * LOW HITPOINT WARNING * * *
The five-headed hydra bites you.
You die...
Your body crumbles into a pile of gold. $$$$$ $ $ $ $$$$$ $$ $ $ ▓▓▓▓▓▓▓▓▓▓▓▓▓▓▓▓▓▓▓▓▓▓▓▓ '..)..[..[).....@D9cu... ▓▓▓▓▓▓▓▓▓▓▓▓▓▓▓▓▓▓▓▓▓▓▓▓

You could see a five-headed hydra, a purple ugly thing, a centaur warrior and a gargoyle.

Vanquished Creatures
  A centaur warrior (D)
  A tengu conjurer (D)
  A wraith (D)
  A steam dragon (D)
  A phantom (D)
  4 howler monkeys (D)
  A hound (D)
  An iguana (D)
  An orc wizard (D)
  2 endoplasms (D)
  2 hobgoblins (D)
  A quokka (D)
  A rat (D)
18 creatures vanquished.

Notes
Turn   | Place    | Note
-------+----------+-------------------------------------------
     0 | D        | 123456 the Minotaur Fighter began the quest for the Orb.
     0 | D        | Reached XP level 1. HP: 19/19 MP: 0/0
     5 | D        | Banished a spatial maelstrom
     8 | D        | Reached skill level 1 in Dodging
    16 | D        | Noticed a hound
    16 | D        | Noticed a howler monkey
    16 | D        | Noticed an iguana
    16 | D        | Noticed a phantom
    22 | D        | Killed a hound
    23 | D        | Reached skill level 5 in Fighting
    23 | D        | Reached skill level 5 in Maces & Flails
    23 | D        | Reached XP level 2. HP: 25/30 MP: 1/1
    23 | D        | Reached XP level 3. HP: 31/37 MP: 2/2
    27 | D        | Reached skill level 5 in Armour
    27 | D        | Reached XP level 4. HP: 36/45 MP: 3/3
    34 | D        | Killed a phantom
    35 | D        | Reached XP level 5. HP: 29/55 MP: 4/4
   130 | D        | Found a snail-covered altar of Cheibriados.
   130 | D        | Found a shadowy altar of Dithmenos.
   130 | D        | Found a white marble altar of Elyvilon.
   130 | D        | Found a blossoming altar of Fedhas.
   130 | D        | Found an opulent altar of Gozag.
   131 | D        | Found a hazy altar of Hepliaklqana.
   132 | D        | Found a viscous altar of Jiyva.
   133 | D        | Found an ancient bone altar of Kikubaaqudgha.
   134 | D        | Found a corrupted altar of Lugonu.
   135 | D        | Found a burning altar of Makhleb.
   136 | D        | Found a sparkling altar of Nemelex Xobeh.
   137 | D        | Found an iron altar of Okawaru.
   138 | D        | Became a worshipper of Gozag Ym Sagoz the Greedy
   139 | D        | Found a stormy altar of Qazlal.
   140 | D        | Found a sacrificial altar of Ru.
   141 | D        | Found a shimmering blue altar of Sif Muna.
   142 | D        | Found a bloodstained altar of Trog.
   143 | D        | Found a hide-covered altar of Uskayaw.
   144 | D        | Found a radiant altar of Vehumet.
   145 | D        | Found an ornate altar of the Wu Jian Council.
   146 | D        | Found a shimmering altar of Xom.
   147 | D        | Found a basalt altar of Yredelemnul.
   148 | D        | Found a glowing silver altar of Zin.
   149 | D        | Found a glowing golden altar of the Shining One.
   196 | D        | Noticed a steam dragon
   196 | D        | Noticed a wraith
   205 | D        | Reached skill level 5 in Dodging
   210 | D        | Killed a steam dragon
   211 | D        | Reached skill level 10 in Fighting
   211 | D        | Reached skill level 10 in Maces & Flails
   211 | D        | Reached XP level 6. HP: 6/66 MP: 5/5
   215 | D        | Killed a wraith
   216 | D        | Reached XP level 7. HP: 19/73 MP: 6/6
   388 | D        | Noticed a tengu conjurer
   388 | D        | Noticed a centaur warrior
   388 | D        | Noticed a gargoyle
   388 | D        | Noticed a five-headed hydra
   388 | D        | Noticed a centaur warrior
   388 | D        | Noticed a purple ugly thing
   396 | D        | Killed a tengu conjurer
   405 | D        | Killed a centaur warrior
   406 | D        | Reached skill level 10 in Armour
   406 | D        | Reached XP level 8. HP: 51/86 MP: 7/7
   409 | D        | HP: 1/86 [five-headed hydra (10)]
   409 | D        | Slain by a five-headed hydra

Illustrated notes

Levels and vault maps discovered:
D:        linesprint [early_d, line_temple, items_1, d_10, items_2, lair_1,
          lair_end, items_3, orc_1, orc_end, items_4, d_15, swamp_1, shoals_1,
          snake_1, spider_1, d_20, vaults_1, items_5, swamp_end, shoals_end,
          snake_end, spider_end, vaults_end, d_27, items_6, zot_1, zot_end,
          crypt_end, forest_end, elf_end, slime_end, tomb_end, abyss_end,
          pan_hell_end]

Skill      XL: |  1  2  3  4  5  6  7 |
---------------+----------------------+-----
Fighting       | 5 6 8 10 13 | 13.3
Maces & Flails | 5 6 7 10 13 | 13.3
Armour         | 4 5 6 7 8 10 | 10.0
Dodging        | 2 3 4 5 6 8 |  8.2
Shields        | |  3.6

Action                     |  1- 3 |  4- 6 |  7- 9 || total
---------------------------+-------+-------+-------++-------
  Melee: Flail             |    15 |     8 |       ||    23
         Headbutt          |     4 |     4 |     8 ||    16
         Morningstar       |       |    18 |    26 ||    44
    Use: Potion            |       |     1 |     1 ||     2
 Armour: Scale mail        |     4 |     1 |       ||     5
         Ring mail         |       |     7 |    21 ||    28
  Dodge: Dodged            |     8 |     7 |    20 ||    35
  Block: Buckler           |     2 |     4 |     7 ||    13

Table legend: (Time is in decaauts)
 A = Elapsed time spent in this place.
 B = Non-inter-level travel time spent in this place.
 C = Inter-level travel time spent in this place.
 D = Time resting spent in this place.
 E = Time spent auto-exploring this place.
 F = Levels seen in this place.
 G = Mean time per level.
                   A        B        C        D        E       F      G
               +--------+--------+--------+--------+--------+-----+--------+
         Total |    424 |    424 |      0 |    159 |    110 |   1 |  424.0 |
       Dungeon |    424 |    424 |      0 |    159 |    110 |   1 |  424.0 |
               +--------+--------+--------+--------+--------+-----+--------+

Top non-repeatable levels by time:
       D: 424 daAuts
